 Dungeon Crawl Stone Soup version 0.14-a0-2939-ge0b1554 (webtiles) character file.

76 Herrn the Grasshopper (level 2, -2/22 HPs)
             Began as a Demonspawn Warper on Mar 3, 2014.
             Slain by a worm (4 damage)
             ... on Level 2 of the Dungeon.
             The game lasted 00:05:37 (803 turns).

Herrn the Grasshopper (Demonspawn Warper)            Turns: 803, Time: 00:05:37

HP  -2/22        AC  4     Str 11      XL: 2   Next: 82%
MP   4/5         EV 11     Int 14      God:
Gold 51          SH  0     Dex 12      Spells:  2 memorised,  3 levels left

rFire  . . .     SeeInvis .     a - +0 falchion
rCold  . . .     Clarity  .     b - +0 leather armour
rNeg   . . .     Conserve .     (no shield)
rPois  .         rCorr    .     l - +0 helmet
rElec  .         rRot     .     (no cloak)
SustAb . .       Spirit   .     (no gloves)
rMut   .         Warding  .     (no boots)
Saprov . . .     Stasis   .     (no amulet)
MR     .....                    (no ring)
                                (no ring)

@: flying, quite poisoned, very slightly contaminated, hasted, very quick, not
resistant to hostile enchantments, unstealthy
A: talons 1
a: no special abilities


You were on level 2 of the Dungeon.
You were not hungry.

You visited 1 branch of the dungeon, and saw 2 of its levels.

You collected 51 gold pieces.

Inventory:

Hand weapons
 a - a +0,+0 falchion (weapon)
Missiles
 e - 15 darts (quivered)
 f - 10 darts of dispersal
Armour
 b - a +0 leather armour (worn)
 l - a +0 helmet (worn)
Comestibles
 g - a bread ration
 i - an apple
 n - a chunk of goblin flesh
 o - a chunk of giant newt flesh
 p - a chunk of hobgoblin flesh
 q - a rotting chunk of jackal flesh
 s - a meat ration
 v - a chunk of quokka flesh
Scrolls
 d - a scroll of blinking
 h - 2 scrolls of identify {unknown}
 k - a scroll of remove curse {unknown}
 t - a scroll of enchant armour {unknown}
Potions
 m - a potion of flight
Books
 c - a book of Spatial Translocations

   Spells                             Type                      Level
   *Apportation                       Translocation                1
   Blink                              Translocation                2
   *Shroud of Golubria                Charms/Translocation         2
   Portal Projectile                  Translocation                3
   Teleport Other                     Translocation                3
   Passage of Golubria                Translocation                4


   Skills:
 * Level 2.2 Fighting
 + Level 2.1 Long Blades
 - Level 0.8 Throwing
 + Level 1.0 Armour
 + Level 2.0 Dodging
 * Level 2.5 Spellcasting
 - Level 2.6 Translocations


You had 3 spell levels left.
You knew the following spells:

 Your Spells              Type           Power        Failure   Level  Hunger
a - Apportation           Tloc           #.........   10%         1    #......
b - Shroud of Golubria    Chrm/Tloc      #.........   24%         2    ##.....


Dungeon Overview and Level Annotations

Branches:
Dungeon (2/16)

Altars:


Innate Abilities, Weirdness & Mutations

You have sharp toenails.


Message History

Your shroud begins to fray at the edges.
A goblin comes into view. It is wielding a dagger.
Your shroud unravels.
You feel very buoyant.
You fly up into the air.
It was a potion of flight.
You feel yourself speed up.
It was a potion of speed.
You are very lightly contaminated with residual magic.
It has a very clean taste.
It was a potion of cure mutation.
That liquid tasted very nasty...
You are poisoned.
It was a potion of poison.
* * * LOW HITPOINT WARNING * * *
You feel sick.
* * * LOW HITPOINT WARNING * * *
You feel sick.
* * * LOW HITPOINT WARNING * * *
You feel sick.
You hit the worm.
The worm is severely wounded.
The worm bites you.
You die...

# #.# #......#.# #. #.#
#.##.###.#
##.##.##.####.##.###.#
.....................#
##.##.#........#.##..#######..
# #.......................
#.#........#.##...........
##.##.#......g.#.##.######....
..........)...@w...............
#.##.#<.......#.##.######....
#.#######.##.##.# ... #
#.##.##.# .# #.##.##.# #
#.##.##.# .# ##.##.##.###...##.
........$..(......
##.##.##.###...#..


You could see a worm and a goblin.

Vanquished Creatures
  2 giant cockroaches (D:1)
  2 hobgoblins
  5 jackals (D:1)
  A quokka (D:2)
  4 bats
  4 giant newts (D:1)
  2 goblins (D:1)
  2 kobolds (D:1)
  3 rats (D:1)
25 creatures vanquished.

Notes
Turn   | Place    | Note
--------------------------------------------------------------
     0 | D:1      | Herrn, the Demonspawn Warper, began the quest for the Orb.
     0 | D:1      | Reached XP level 1. HP: 16/16 MP: 3/3
   207 | D:1      | Gained mutation: You have sharp toenails. [demonic ancestry]
   207 | D:1      | Reached XP level 2. HP: 16/22 MP: 5/5
   431 | D:1      | Reached skill level 1 in Armour
   763 | D:2      | Learned a level 2 spell: Shroud of Golubria
   803 | D:2      | Slain by a worm

Action                   || total
-------------------------++-------
Melee: Falchion          ||    89
 Cast: Shroud of Golubri ||     2
  Use: Potion            ||     4
